 Dungeon Crawl Stone Soup version 0.26-a0-652-gafc20e3620 (webtiles) character file.

Game seed: 363848269003665943

62548 jasper the Cleaver (level 14, -1/116 HPs)
             Began as a Demonspawn Abyssal Knight on Oct 2, 2020.
             Was the Champion of Lugonu.
             Slain by a tentacled starspawn (15 damage)
             ... summoned by Lugonu's corruption
             ... in an ice cave.
             The game lasted 00:34:09 (23009 turns).

jasper the Cleaver (Demonspawn Abyssal Knight)     Turns: 23009, Time: 00:34:10

Health: -1/116     AC: 26    Str: 15    XL:     14   Next: 64%
Magic:  20/20      EV: 20    Int: 16    God:    Lugonu [******]
Gold:   495        SH:  0    Dex: 13    Spells: 13/13 levels left

rFire    . . .     SeeInvis +   Q - +3 battleaxe (venom)
rCold    . . .     Faith    .   (shield currently unavailable)
rNeg     + . .     Spirit   .   H - quicksilver dragon scales
rPois    .         Reflect  .   f - +2 helmet {SInv}
rElec    .         Harm     .   r - +1 cloak
rCorr    .         Rampage  .   N - +0 pair of gloves {archery}
MR       ++...                  (boots unavailable)
Stlth    +.........             (no amulet)
HPRegen  0.29/turn              t - ring of positive energy
MPRegen  0.17/turn              V - +4 ring of evasion

@: sanguine armour
A: talons 3, demonic guardian 2, powered by death 2, sanguine armour 1
a: Depart the Abyss, Bend Space, Banish, Corrupt, Enter the Abyss, Brand Weapon
With Distortion, Renounce Religion


You were in an ice cave.
You worshipped Lugonu.
Lugonu was exalted by your worship.
You visited 3 branches of the dungeon, and saw 21 of its levels.
You visited the Abyss 1 time.
You also visited: Ossuary, Gauntlet and Ice Cave.

You collected 2105 gold pieces.
You spent 1610 gold pieces at shops.

Inventory:

Hand Weapons
 Q - a +3 battleaxe of venom (weapon)
Missiles
 e - 822 stones
 k - 7 curare-tipped darts
 p - 72 poisoned darts
 F - 10 javelins (quivered)
Armour
 f - a +2 helmet of see invisible (worn)
 j - +0 acid dragon scales
 r - a +1 cloak (worn)
 z - the +1 hat of Lifelessness {rElec rF- Str-3 Slay+4}
   (You found it in a Gauntlet)

   It affects your strength (-3).
   It affects your accuracy and damage with ranged weapons and melee attacks
   (+4).
   It makes you vulnerable to fire.
   It insulates you from electricity.
 H - quicksilver dragon scales (worn)
 N - a +0 pair of gloves of archery (worn)
Jewellery
 c - an uncursed ring of see invisible
 n - an uncursed ring of protection from fire
 t - a ring of positive energy (left hand)
 V - a +4 ring of evasion (right hand)
 Y - the ring "Wosuuqui" {Fire Slay+2}
   (You found it on level 12 of the Dungeon)

   [ring of fire]

   It enhances your fire magic.
   It affects your accuracy and damage with ranged weapons and melee attacks
   (+2).
   It protects you from fire.
   It makes you vulnerable to cold.
Wands
 b - a wand of disintegration (56)
 u - a wand of iceblast (9)
 L - a wand of flame (50)
 O - a wand of digging (3)
 R - a wand of acid (26)
 S - a wand of paralysis (12)
 Z - a wand of polymorph (14)
Scrolls
 d - 4 scrolls of immolation
 g - 7 scrolls of teleportation
 h - a scroll of identify
 i - a scroll of amnesia
 l - 7 scrolls of remove curse
 m - 6 scrolls of enchant armour
 w - a scroll of fog
 y - 5 scrolls of magic mapping
 G - 5 scrolls of enchant weapon
 K - 3 scrolls of blinking
 T - a scroll of summoning
Potions
 a - a potion of ambrosia
 o - a potion of brilliance
 s - 3 potions of invisibility
 v - a potion of cancellation
 x - 8 potions of curing
 A - 2 potions of resistance
 B - 2 potions of haste
 C - 4 potions of might
 D - a potion of berserk rage
 E - 5 potions of lignification
 I - 2 potions of magic
 M - 4 potions of heal wounds
 X - 3 potions of flight
Miscellaneous
 q - a phial of floods
 U - a phantom mirror
 W - a phantom mirror


   Skills:
 + Level 12.4 Fighting
 - Level 14.2 Axes
 + Level 10.8 Armour
 + Level 10.7 Dodging
 - Level 9.0 Invocations


You had 13 spell levels left.
You didn't know any spells.
Your spell library contained the following spells:

 Spells                   Type           Power        Failure   Level
 Animate Skeleton         Necr           #.....       38%         1
 Apportation              Tloc           #.....       38%         1
 Corona                   Hex            #......      38%         1
 Magic Dart               Conj           #...         38%         1
 Summon Small Mammal      Summ           #...         38%         1
 Blink                    Tloc           N/A          54%         2
 Call Imp                 Summ           #.......     54%         2
 Corpse Rot               Necr/Air       N/A          54%         2
 Ensorcelled Hibernation  Hex/Ice        #.....       54%         2
 Slow                     Hex            #.......     54%         2
 Sublimation of Blood     Necr           #.........   54%         2
 Call Canine Familiar     Summ           #.......     77%         3
 Confusing Touch          Hex            #.......     77%         3
 Conjure Flame            Conj/Fire      #.......     77%         3
 Dazzling Flash           Conj/Hex       #.....       77%         3
 Mephitic Cloud           Conj/Pois/Air  #.......     77%         3
 Summon Guardian Golem    Hex/Summ       #.......     77%         3
 Tukima's Dance           Hex            #.......     77%         3
 Dispel Undead            Necr           #.......     99%         4
 Summon Ice Beast         Ice/Summ       #.......     99%         4
 Summon Lightning Spire   Summ/Air       #.......     99%         4
 Agony                    Necr           #.......     100%        5
 Excruciating Wounds      Necr           #.........   100%        5
 Summon Demon             Summ           #.........   100%        5
 Summon Forest            Summ/Tloc      #.........   100%        5
 Summon Mana Viper        Hex/Summ       #.......     100%        5
 Shadow Creatures         Summ           N/A          100%        6
 Summon Hydra             Summ           #.........   100%        7


Dungeon Overview and Level Annotations

Branches:
Dungeon (13/15)            Temple (0/1) D:5            Lair (6/6) D:11
 Shoals (0/4) Lair:2       Spider (0/4) Lair:2        Slime (0/5) Lair:6
    Orc (2/2) D:10            Elf (0/3) Orc:2       Ossuary (visited)
  IceCv (1/1)             Gauntlet (visited)
 Vaults: D:13-14

Altars:
Gozag
Okawaru
Ru
Yredelemnul
Beogh
Jiyva

Shops:
D:7 *   Orc:2 [:(!

Annotations:
D:2 Terence
D:3 3 runed translucent doors, Demosthentine's ghost, amateur HaHu
Orc:2 corrupted
Abyss:1 Gastronok IceCv corrupted


Innate Abilities, Weirdness & Mutations

You have claws for feet.
A demonic guardian rushes to your aid.
You regenerate health from kills.
When seriously injured, your bleeding wounds create armour. (AC +6)


Message History

The tentacled starspawn disappears in a puff of smoke!
The tentacled starspawn barely misses you.
The tentacled starspawn engulfs you. The tentacled starspawn misses you.
The tentacled starspawn engulfs you. The tentacled starspawn bites you.
The tentacled starspawn barely misses you.
The tentacled starspawn closely misses you.
The tentacled starspawn misses you. The tentacled starspawn bites you!
The tentacled starspawn closely misses you.
The tentacled starspawn barely misses you.
The tentacled starspawn closely misses you.
The tentacled starspawn bites you!
* * * LOW HITPOINT WARNING * * *
The tentacled starspawn barely misses you.
The tentacled starspawn bites you!
* * * LOW HITPOINT WARNING * * *
The tentacled starspawn engulfs you but does no damage.
The tentacled starspawn bites you!
You die...

##....###...##
≈≈≈≈≈####†.#
###....###..#
≈≈≈≈≈≈≈##..#
.....# #.##
≈≈≈≈≈≈##..#
##....# ###
≈≈≈≈≈≈###.#
##...# #≈≈≈≈#
#..# #...
#≈≈≈≈# #..#
#≈≈.####.##
##X≈..#...#
#@#.≈..X#.##
###.##.....##
#≈≈.##...#.#
#.#..#.§#..#
#≈###D...#
#≈≈.q.#...##
#≈≈#.#5##...#
≈≈# #X ##.##
≈≈. w5 #x3#


You could see a neutral tentacled starspawn (summoned, wandering).

Vanquished Creatures
  Josephine (D:12)
  The ghost of Demosthentine the Slinger, a journeyman HaHu of Ru (D:12)
  A hydra (Lair:3)
  A catoblepas (Lair:6)
  A centaur warrior (D:13)
  7 two-headed ogres
  6 death yaks
  2 unseen horrors
  A wolf spider (Lair:2)
  Pikel (D:5)
  A deep elf mage (D:12)
  7 elephants
  Maurice (Orc:1)
  An ice statue (IceCv)
  A torpor snail (Lair:3)
  4 black mambas
  9 cane toads
  Maggie (D:10)
  2 rime drakes
  7 komodo dragons
  4 trolls
  A jumping spider (Lair:2)
  9 polar bears
  2 hornets
  3 blink frogs (Lair:2)
  6 hippogriffs
  4 centaur simulacra (D:12)
  A redback (Lair:2)
  5 wraiths
  27 yaks
  A basilisk (Lair:5)
  A human (D:8)
  Grum (Lair:1)
  A warg (Orc:1)
  18 water moccasins
  2 soldier ants
  7 porcupines
  A sky beast (D:9)
  4 black bears
  10 orc warriors
  A hornet zombie (D:9)
  An ice beast (D:5)
  A necrophage (D:10)
  8 phantoms
  8 ogres
  18 wolves
  10 crocodiles
  8 centaurs
  2 lemures (D:5)
  3 big kobolds
  14 bullfrogs
  An elf zombie (Ossuary)
  A wyvern skeleton (D:6)
  2 scorpions
  2 killer bees (D:7)
  A troll zombie (D:10)
  14 wights
  5 howler monkeys
  7 centaur zombies
  A bullfrog zombie (D:8)
  A quasit (D:11)
  16 orc priests
  2 human zombies (Ossuary)
  3 hounds
  2 centaur skeletons
  3 bullfrog skeletons
  Ijyb (D:4)
  2 iguanas (D:6)
  13 orc wizards
  12 worker ants
  A killer bee zombie (D:5)
  A bullfrog simulacrum (D:12)
  5 ogre zombies
  7 mummies (Ossuary)
  6 adders
  A white imp (D:8)
  2 adder zombies
  An adder skeleton (D:6)
  2 worms
  2 dart slugs (D:1)
  3 leopard geckos
  65 orcs
  4 giant cockroaches
  7 goblins
  7 hobgoblins
  14 jackals
  16 kobolds
  3 quokkas
  A ball python (D:6)
  7 bats
  A gnoll zombie (Ossuary)
  A goblin skeleton (D:10)
  5 goblin zombies
  A hobgoblin skeleton (D:10)
  7 hobgoblin zombies
  2 kobold zombies (Ossuary)
  An orc skeleton (D:10)
  13 orc zombies
  2 quokka skeletons
  4 quokka zombies (Ossuary)
  3 rats
  5 rat zombies (Ossuary)
527 creatures vanquished.

Vanquished Creatures (collateral kills)
  An orc warlord (Orc:2)
  2 hydras
  2 catoblepae (Lair:6)
  4 two-headed ogres
  A death yak (Lair:6)
  2 ugly things (D:11)
  2 elephants (Lair:2)
  2 manticores (Lair:6)
  A black mamba (Lair:6)
  A rime drake (D:12)
  3 cane toads
  A meliai (Gauntlet)
  A jumping spider (Lair:2)
  2 trolls
  3 polar bears (IceCv)
  4 hippogriffs
  A human (D:8)
  16 yaks
  2 water moccasins
  A porcupine (Lair:1)
  2 orc warriors (Orc:2)
  A phantom (D:10)
  A black bear (Lair:3)
  2 ogres (Orc:2)
  7 wolves
  8 centaurs
  3 crocodiles
  A killer bee (D:7)
  2 hounds (D:13)
  A centaur simulacrum (D:12)
  An ogre zombie (D:10)
  An orc (Orc:2)
  6 kobolds
  A quokka (D:8)
89 creatures vanquished.

Vanquished Creatures (others)
  A frost giant (IceCv)
  10 two-headed ogres (Orc:2)
  4 ogre magi (Orc:2)
  A sixfirhy (Gauntlet)
  An orb spider (shapeshifter) (Gauntlet)
  An elephant (shapeshifter) (Gauntlet)
  A meliai (shapeshifter) (Gauntlet)
  A wind drake (shapeshifter) (Gauntlet)
  2 meliai (Gauntlet)
  A polar bear (shapeshifter) (Gauntlet)
  A dream sheep (shapeshifter) (Gauntlet)
  A tarantella (shapeshifter) (Gauntlet)
  2 yaks (IceCv)
  5 wolves (IceCv)
  15 ogres (Orc:2)
  An orc priest (Orc:2)
  An orc wizard (Orc:2)
  2 ufetubi (Gauntlet)
  An orc (Orc:1)
  A bush (Lair:3)
  27 fungi
  53 plants
  23 starspawn tentacles
156 creatures vanquished.

Grand Total: 772 creatures vanquished

Notes
Turn   | Place    | Note
-------+----------+-------------------------------------------
     0 | Abyss:1  | jasper the Demonspawn Abyssal Knight began the quest for
                  | the Orb.
     0 | Abyss:1  | Reached XP level 1. HP: 18/18 MP: 2/2
    99 | Abyss:1  | Noticed a small abomination
   100 | D:1      | Escaped the Abyss
   153 | D:1      | Reached skill level 2 in Axes
   274 | D:1      | Reached * piety under Lugonu
   274 | D:1      | Gained mutation: You have sharp toenails. [demonic
                  | ancestry]
   274 | D:1      | Reached XP level 2. HP: 24/24 MP: 3/3
   325 | D:1      | Reached skill level 3 in Axes
   422 | D:1      | Gained mutation: When seriously injured, your bleeding
                  | wounds create armour. (AC +6) [demonic ancestry]
   422 | D:1      | Reached XP level 3. HP: 27/29 MP: 4/4
   657 | D:2      | Noticed Terence
  1232 | D:3      | Reached XP level 4. HP: 35/35 MP: 5/5
  1257 | D:3      | Reached skill level 4 in Axes
  1548 | D:3      | Gained mutation: You regenerate a little health from kills.
                  | [demonic ancestry]
  1548 | D:3      | Reached XP level 5. HP: 36/41 MP: 6/6
  1994 | D:3      | Reached skill level 5 in Axes
  2021 | D:3      | Found a basalt altar of Yredelemnul.
  2080 | D:3      | Found a runed translucent gate.
  2081 | D:3      | Found a runed translucent gate.
  2081 | D:3      | Found a runed translucent gate.
  2082 | D:3      | Found an opulent altar of Gozag.
  2084 | D:3      | Noticed an orc warrior
  2086 | D:3      | Noticed Demosthentine's ghost (amateur HaHu)
  2317 | D:4      | Noticed a phantom
  2560 | D:4      | Reached ** piety under Lugonu
  2634 | D:4      | Noticed Ijyb
  2650 | D:4      | Killed Ijyb
  2735 | D:4      | Gained mutation: You have razor-sharp toenails. [demonic
                  | ancestry]
  2735 | D:4      | Reached XP level 6. HP: 47/47 MP: 7/7
  2882 | D:4      | Reached skill level 6 in Axes
  3120 | D:5      | Entered Level 5 of the Dungeon
  3160 | D:5      | Noticed Pikel
  3506 | D:5      | Found a staircase to the Ecumenical Temple.
  3539 | D:6      | Found a sand-covered staircase.
  3560 | Ossuary  | Entered an ossuary
  3760 | Ossuary  | Reached skill level 7 in Axes
  3818 | Ossuary  | Reached XP level 7. HP: 34/52 MP: 8/8
  3929 | Ossuary  | Reached *** piety under Lugonu
  4302 | D:6      | Reached skill level 8 in Axes
  4919 | D:6      | Gained mutation: A weak demonic guardian rushes to your
                  | aid. [demonic ancestry]
  4919 | D:6      | Reached XP level 8. HP: 27/58 MP: 9/9
  4929 | D:6      | Reached skill level 9 in Axes
  5249 | D:6      | Reached skill level 1 in Dodging
  5826 | D:7      | HP: 3/60 [killer bee (2)]
  5828 | D:7      | HP: 1/60 [poisoned by a killer bee]
  6603 | D:5      | Killed Pikel
  6772 | D:5      | Gained mutation: You have claws for feet. [demonic
                  | ancestry]
  6772 | D:5      | Reached XP level 9. HP: 61/67 MP: 10/10
  6816 | D:5      | Reached skill level 5 in Fighting
  6863 | D:5      | Reached **** piety under Lugonu
  7311 | D:5      | Gained mutation: You regenerate health from kills. [demonic
                  | ancestry]
  7311 | D:5      | Reached XP level 10. HP: 82/82 MP: 11/11
  7946 | D:7      | Found Butautwo's General Store.
  8729 | D:8      | Found an iron altar of Okawaru.
  9119 | D:9      | Noticed a two-headed ogre
  9136 | D:9      | Killed a two-headed ogre
  9587 | D:10     | Entered Level 10 of the Dungeon
  9708 | D:10     | Found a staircase to the Orcish Mines.
  9727 | D:10     | Reached ***** piety under Lugonu
  9805 | D:10     | Gained mutation: A demonic guardian rushes to your aid.
                  | [demonic ancestry]
  9805 | D:10     | Reached XP level 11. HP: 68/90 MP: 12/12
  9889 | D:10     | Noticed a two-headed ogre
  9898 | D:10     | Killed a two-headed ogre
  9898 | D:10     | Reached skill level 10 in Fighting
 10229 | D:10     | Noticed a two-headed ogre
 10236 | D:10     | Killed a two-headed ogre
 10505 | D:10     | Found a sacrificial altar of Ru.
 10541 | D:10     | Noticed Maggie
 10561 | D:10     | Killed Maggie
 10828 | D:11     | Found a staircase to the Lair.
 10834 | D:11     | Noticed a green ugly thing
 10849 | D:11     | Killed a green ugly thing
 10849 | D:11     | Reached skill level 10 in Axes
 11003 | D:11     | Killed an unseen horror
 11102 | D:11     | Noticed a two-headed ogre
 11114 | D:11     | Killed a two-headed ogre
 11490 | D:11     | Reached skill level 11 in Axes
 11644 | D:11     | Noticed a green ugly thing
 11650 | D:11     | Killed a green ugly thing
 12212 | D:12     | Noticed a two-headed ogre
 12220 | D:12     | Killed a two-headed ogre
 12220 | D:12     | Reached skill level 5 in Invocations
 12286 | D:12     | Reached ****** piety under Lugonu
 12399 | D:12     | Found a gate leading to a gauntlet.
 12417 | Gauntlet | Entered a Gauntlet
 12425 | Gauntlet | Found a transporter.
 12425 | Gauntlet | Found a transporter.
 12432 | Gauntlet | Noticed a sixfirhy
 12434 | Gauntlet | Found a transporter.
 12438 | Gauntlet | Found a transporter.
 12452 | Gauntlet | Found a transporter.
 12454 | Gauntlet | Found a transporter.
 12472 | Gauntlet | Found a transporter.
 12476 | Gauntlet | Found a transporter.
 12483 | Gauntlet | Noticed a harpy
 12484 | Gauntlet | Noticed an orb spider
 12486 | Gauntlet | Found a transporter.
 12490 | Gauntlet | Found a transporter.
 12491 | Gauntlet | Noticed a glowing orange brain
 12501 | Gauntlet | Found a transporter.
 12511 | Gauntlet | a glowing orange brain changed into a redback
 12520 | Gauntlet | Found a transporter.
 12572 | Gauntlet | Noticed a swamp dragon
 12586 | Gauntlet | Noticed a swamp dragon
 12586 | Gauntlet | a komodo dragon changed into a swamp dragon
 12589 | Gauntlet | a swamp dragon changed into a faun
 12590 | Gauntlet | a swamp dragon changed into an elephant
 12599 | Gauntlet | Corrupted Gauntlet
 12599 | Gauntlet | Noticed a large abomination
 12599 | Gauntlet | Noticed a large abomination
 12599 | Gauntlet | Noticed a large abomination
 12599 | Gauntlet | Noticed a large abomination
 12605 | Gauntlet | Noticed a purple draconian
 12608 | Gauntlet | Noticed a balrug
 12615 | Gauntlet | Noticed a sea snake
 12619 | Gauntlet | Noticed an orb spider
 12619 | Gauntlet | an eye of draining changed into an orb spider
 12626 | Gauntlet | Killed an orb spider
 12635 | Gauntlet | Killed a sixfirhy
 12641 | Gauntlet | a sea snake changed into a dream sheep
 12845 | Gauntlet | Noticed a shock serpent
 12853 | Gauntlet | a shock serpent changed into a manticore
 12883 | Gauntlet | Got a spiked helmet
 12894 | Gauntlet | Identified the +0 helmet of the Apothecary {Harm rPois rC+
                  | Int-4} (You found it in a Gauntlet)
 12954 | Gauntlet | Noticed a death drake
 13018 | Gauntlet | Got a translucent hat
 13029 | Gauntlet | Identified the +1 hat of Lifelessness {rElec rF- Str-3
                  | Slay+4} (You found it in a Gauntlet)
 13261 | Lair:1   | Entered Level 1 of the Lair of Beasts
 13298 | Lair:1   | Noticed Gastronok
 13301 | Lair:1   | Banished Gastronok
 13301 | Lair:1   | Reached XP level 12. HP: 97/97 MP: 12/18
 13491 | Lair:1   | Noticed Grum
 13505 | Lair:1   | Killed Grum
 13956 | D:7      | Bought a scroll of brand weapon for 260 gold pieces
 14724 | Lair:1   | Reached skill level 12 in Axes
 14740 | Lair:2   | Noticed a five-headed hydra
 14741 | Lair:2   | Banished a five-headed hydra
 14788 | Lair:2   | Noticed an eight-headed hydra
 14795 | Lair:2   | Killed an eight-headed hydra
 14856 | Lair:2   | You fall into a shaft and drop 2 floors!
 15130 | Lair:3   | Reached skill level 13 in Axes
 15367 | Lair:3   | Noticed an eight-headed hydra
 15382 | Lair:3   | Killed an eight-headed hydra
 15741 | Lair:3   | Noticed a seven-headed hydra
 15741 | Lair:3   | Noticed a death yak
 15746 | Lair:3   | Banished a seven-headed hydra
 15746 | Lair:3   | Reached XP level 13. HP: 103/103 MP: 19/19
 16227 | Lair:2   | Reached skill level 14 in Axes
 16314 | Lair:2   | Found a staircase to the Shoals.
 16385 | Lair:2   | Found a hole to the Spider Nest.
 18265 | Lair:6   | Entered Level 6 of the Lair of Beasts
 18483 | Lair:6   | Found a staircase to the Slime Pits.
 18484 | Lair:6   | Found a viscous altar of Jiyva.
 18682 | Lair:6   | Got an ichor-stained plate armour
 18893 | Lair:6   | Identified the cursed +1 plate armour "Hihop" {rF++ rC+ MR+
                  | Dex-3} (You found it on level 6 of the Lair of Beasts)
 20241 | Lair:4   | Reached XP level 14. HP: 113/113 MP: 20/20
 20349 | Orc:1    | Entered Level 1 of the Orcish Mines
 20366 | Orc:1    | Noticed Maurice
 20374 | Orc:1    | Killed Maurice
 20779 | Orc:2    | Entered Level 2 of the Orcish Mines
 20941 | Orc:2    | Corrupted Orc:2
 20941 | Orc:2    | Noticed a lich
 20941 | Orc:2    | Noticed a tentacled starspawn
 20942 | Orc:2    | Noticed a Hell Sentinel
 20962 | Orc:2    | Noticed an orc warlord
 20990 | Orc:2    | Reached skill level 10 in Armour
 21003 | Orc:2    | Reached skill level 10 in Dodging
 21009 | Orc:2    | Killed an orc warlord
 21278 | Orc:2    | Found Feept's Antique Armour Emporium.
 21278 | Orc:2    | Found Sunuk's Antique Weapon Shop.
 21279 | Orc:2    | Found Ysakhay's Book Shop.
 21279 | Orc:2    | Found Ulaekaw's Distillery.
 21288 | Orc:2    | Bought a potion of lignification for 45 gold pieces
 21288 | Orc:2    | Bought a potion of curing for 45 gold pieces
 21289 | Orc:2    | Bought a book of Cantrips for 280 gold pieces
 21289 | Orc:2    | Bought a book of Death for 980 gold pieces
 21401 | Orc:2    | Found a roughly hewn altar of Beogh.
 21419 | Orc:2    | Found a staircase to the Elven Halls.
 21989 | D:12     | Found a runed translucent gate.
 21989 | D:12     | Found a runed translucent gate.
 21989 | D:12     | Found a runed translucent gate.
 22010 | D:12     | Noticed Demosthentine's ghost (journeyman HaHu)
 22153 | D:12     | Noticed Josephine
 22164 | D:12     | Killed Josephine
 22587 | D:12     | Killed Demosthentine's ghost
 22590 | D:12     | Got the ring "Wosuuqui" {Fire}
 22594 | D:12     | Identified the ring "Wosuuqui" {Fire Slay+2} (You found it
                  | on level 12 of the Dungeon)
 22659 | D:13     | Found a frozen archway.
 22677 | D:13     | Paralysed by a hornet for 3 turns
 22752 | IceCv    | Entered an ice cave
 22897 | IceCv    | Noticed a frost giant
 22898 | IceCv    | Corrupted IceCv
 22898 | IceCv    | Noticed a starcursed mass
 22898 | IceCv    | Noticed a black draconian shifter
 22898 | IceCv    | Noticed a tentacled starspawn
 22899 | IceCv    | Noticed a bone dragon
 22909 | IceCv    | Killed a frost giant
 22918 | IceCv    | Noticed a tentacled starspawn
 22928 | IceCv    | Noticed a tentacled starspawn
 23009 | IceCv    | Slain by a tentacled starspawn

Illustrated notes

Levels and vault maps discovered:
D:1:      scummos_arrival_star, layout_rooms, st_stairs_2
D:2:      cheibrodos_old_hovel, layout_rooms, uniq_terence
D:3:      layout_basic, nicolae_overflow_hidden_temple, ebering_ghost_gozag,
          yredelemnul_altar_generic
D:4:      layout_rooms, roderic_roman_lattice, uniq_ijyb
D:5:      layout_gridville, minmay_temple_entry_drinking_statues, uniq_pikel
D:6:      layout_loops_ring, nicolae_ossuary_entry_false_entrances,
          nrook_pool_corridor
D:7:      layout_basic, serial_shops, kennysheep_little_box
D:8:      layout_gridville, okawaru_humans
D:9:      layout_loops_ring
D:10:     layout_roguey, zombieorc1_lemuel, basic_altar, uniq_maggie
D:11:     layout_cave_pods, david_lair_generic, nrook_mini_backslash
D:12:     layout_long_grid, gauntlet_entry_generic, gammafunk_ghost_icy,
          uniq_josephine
D:13:     minmay_blocky_corners, layout_cave_pools,
          portal_ice_cave_entry_pillars_1, serial_shops, nicolae_shop_waterfront
Lair:1:   layout_cave_pods, serial_bayou_shore_a, uniq_gastronok, uniq_grum
Lair:2:   layout_misc_corridors, shoals_dummy_entry,
          spider_nest_entry_funnel_web, grunt_megastairs_4
Lair:3:   layout_roguey, minmay_shattered_shrine, lemuel_fruit_fields,
          serial_bayou_shore_b
Lair:4:   layout_regular_city, infiniplex_staircase_pool, serial_bayou_shore_b
Lair:5:   layout_misc_corridors, beast_lair_carwin_5, grunt_megastairs_3
Lair:6:   evilmike_catoblepas_cave, layout_cave_shapes, slime_altar_1
Orc:1:    layout_diamond_mine, rock_pile, uniq_harold, uniq_maurice
Orc:2:    st_orc_ogre_mass, layout_diamond_mine, basic_altar
IceCv:    ice_cave_small_giant

Skill      XL: |  1  2  3  4  5  6  7  8  9 10 11 12 13 14 |
---------------+-------------------------------------------+-----
Axes           | 2 3 4 5 7 8 9 11 13 14 | 14.2
Dodging        | 3 7 8 9 10 | 10.7
Armour         | 3 7 8 9 10 | 10.8
Fighting       | 4 8 9 10 11 12 | 12.4
Invocations    | 8 9 |  9.0

Action                   |  1- 3 |  4- 6 |  7- 9 | 10-12 | 13-15 || total
-------------------------+-------+-------+-------+-------+-------++-------
Melee: Hand axe          |    86 |   174 |   280 |   664 |       ||  1204
       Kick              |     9 |    29 |    60 |   220 |   194 ||   512
       Battleaxe         |       |       |       |   139 |   543 ||   682
Throw: Javelin           |     5 |     8 |       |     3 |       ||    16
       Stone             |       |     3 |     1 |       |       ||     4
Invok: Depart the Abyss  |     1 |       |       |       |       ||     1
       Banish            |       |       |       |     3 |     2 ||     5
       Corrupt           |       |       |       |     1 |     2 ||     3
Evoke: Wand              |       |     2 |     1 |     8 |     8 ||    19
  Use: Potion            |     2 |     4 |     5 |     1 |       ||    12
       Scroll            |       |       |     7 |    15 |     4 ||    26
 Stab: Invisible         |       |       |     1 |       |       ||     1
       Distracted        |       |       |     2 |     4 |     4 ||    10
       Paralysed         |       |       |       |     4 |       ||     4
Armor: Leather armour    |    12 |       |       |       |       ||    12
       Ring mail         |    41 |    23 |       |       |       ||    64
       Skin              |       |     8 |       |       |       ||     8
       Scale mail        |       |    27 |    64 |       |       ||    91
       Quicksilver drago |       |       |    21 |   280 |   233 ||   534
Dodge: Dodged            |    63 |    69 |   101 |   751 |   655 ||  1639

Table legend: (Time is in decaauts)
 A = Elapsed time spent in this place.
 B = Non-inter-level travel time spent in this place.
 C = Inter-level travel time spent in this place.
 D = Time resting spent in this place.
 E = Time spent auto-exploring this place.
 F = Levels seen in this place.
 G = Mean time per level.
                   A        B        C        D        E       F      G
               +--------+--------+--------+--------+--------+-----+--------+
         Total |  22868 |  21430 |   1438 |   2698 |  14663 |  25 |  914.7 |
       Dungeon |  12884 |  11971 |    913 |   1533 |   8317 |  13 |  991.1 |
          Lair |   6844 |   6458 |    386 |    767 |   4708 |   6 | 1140.7 |
  Orcish Mines |   1478 |   1340 |    138 |    200 |    895 |   2 |  739.0 |
         Abyss |    100 |    100 |      0 |      0 |     98 |   1 |  100.0 |
       Ossuary |    576 |    576 |      0 |      0 |    410 |   1 |  576.0 |
      Ice Cave |    255 |    255 |      0 |      0 |     52 |   1 |  255.0 |
      Gauntlet |    729 |    729 |      0 |    198 |    183 |   1 |  729.0 |
               +--------+--------+--------+--------+--------+-----+--------+

Top non-repeatable levels by time:
  Lair:6: 1967 daAuts
     D:6: 1733 daAuts
     D:3: 1600 daAuts
    D:10: 1345 daAuts
    D:11: 1331 daAuts
     D:4: 1278 daAuts
  Lair:1: 1272 daAuts
    D:12: 1157 daAuts
  Lair:3: 1081 daAuts
   Orc:2: 1004 daAuts
     D:7: 947 daAuts
  Lair:2: 870 daAuts
  Lair:4: 859 daAuts
     D:5: 848 daAuts
  Lair:5: 793 daAuts
